[Event "*** SCC Grand Prix: Titled Tuesday Blitz"]
[Site "Chess.com"]
[Date "2020.06.02"]
[Round "10"]
[White "andy_rekt"]
[Black "GaboSalazar2001"]
[Result "0-1"]
[WhiteElo "2047"]
[BlackElo "2250"]
[TimeControl "180+1"]
[EndTime "11:56:58 PDT"]
[Termination "GaboSalazar2001 won by resignation"]

1. d4 c5 2. d5 Nf6 3. c4 b5 4.
cxb5 a6 5. bxa6 Bxa6 6. Nc3 g6 7. e4 Bxf1 8. Kxf1 d6 9. g3 Bg7 10. Kg2 O-O 11. Nf3 Nbd7 12. Qe2 Qb6 13. Nd2 Rfb8 14.
a4 Qb7 15. Nc4 Qa6 16. Ra3 Nb6 17. Nb5 Nxa4 18. Nc7 Qb7 19. Nxa8 Rxa8 20. Rd1 Nd7 21. Rdd3 Nab6 22. Rdb3 Rxa3 23. bxa3 Qa6 24. Nxb6 Qxe2 25.
Nxd7 Qxe4+ 26. f3 Qc2+ 0-1

[Event "*** SCC Grand Prix: Titled Tuesday Blitz"]
[Site "Chess.com"]
[Date "2020.06.02"]
[Round "10"]
[White "BillieKimbah"]
[Black "Tormoz"]
[Result "1-0"]
[WhiteElo "2869"]
[BlackElo "2645"]
[TimeControl "180+1"]
[EndTime "11:56:59 PDT"]
[Termination "BillieKimbah won by checkmate"]

1. d4 d6 2. Nf3 Bg4 3. e4 Nf6 4. Nc3 c6 5. h3 Bh5 6. g4 Bg6 7. Qe2 e6 8. h4 h5 9. g5 Nfd7 10. Bh3 Be7 11. Bd2 d5 12. O-O-O O-O 13. Rhe1 Bb4 14.
Nb1 a5 15. a3 Bd6 16. Ne5 Bxe5 17. dxe5 b5 18. f4 dxe4 19. Be3 Qe7 20. Rd6 Rc8 21. Red1 Bf5 22. Bxf5 exf5 23. e6 Nf8 24. Qxh5 Nxe6 25. g6 Nf8 26. Qxf5 Na6 27. h5 Nc7 28. Nc3 Nd5 29.
Nxd5 Qxd6 30. Qxf7+ Kh8 31. Bd4 Qe6 32. Qxg7# 1-0

[Event "*** SCC Grand Prix: Titled Tuesday Blitz"]
[Site "Chess.com"]
[Date "2020.06.02"]
[Round "10"]
[White "Mikedannnn"]
[Black "PavelShkapenko"]
[Result "0-1"]
[WhiteElo "2466"]
[BlackElo "2636"]
[TimeControl "180+1"]
[EndTime "11:56:59 PDT"]
[Termination "PavelShkapenko won by resignation"]

1. e4 c5 2. Nf3 e6 3. c4 Nc6 4. Nc3 Nf6 5. d3 d5 6. Be2 Be7 7. O-O O-O 8. Re1 b6 9. cxd5 exd5 10. e5 Ne8 11. d4 Nc7 12. Be3 Bf5 13. Rc1 Qd7 14. Nb5 c4 15. Nxc7 Qxc7 16. b3 b5 17. Bf4 Qd7 18. a4 a6 19. axb5 axb5 20. bxc4 bxc4 21.
h3 Ba3 22. Ra1 Bb2 23. Rxa8 Rxa8 24. g4 Bg6 25. Nh4 Bxd4 26. Nxg6 hxg6 27. Bf3 Ra2 28. Rf1 Qe6 29. Kg2 Ra3 30. Re1 Rd3 31. Qb1 Kh7 32.
Qb5 Bxe5 33. Bg3 Qf6 34. Bxd5 Bxg3 35. Re2 Nd4 36. Qxc4 Nxe2 0-1

[Event "*** SCC Grand Prix: Titled Tuesday Blitz"]
[Site "Chess.com"]
[Date "2020.06.02"]
[Round "10"]
[White "bmt011"]
[Black "crossingthestreet"]
[Result "0-1"]
[WhiteElo "2109"]
[BlackElo "2379"]
[TimeControl "180+1"]
[EndTime "11:57:02 PDT"]
[Termination "crossingthestreet won by resignation"]

1. d4 Nf6 2. Bf4 d5 3. e3 e6 4.
Nf3 Bd6 5. Ne5 O-O 6. Bd3 c5 7. c3 Nc6 8. Nd2 Qc7 9. Ndf3 Ne7 10. Qb1 Nf5 11. dxc5 Qxc5 12. g4 Ne7 13. g5 Ne4 14.
Bxe4 dxe4 15. Qxe4 Nd5 16. Nd3 Qc7 17. Bxd6 Qxd6 18.
O-O-O Qa6 19. Kb1 Bd7 20. Nc5 Qb5 21. Nxd7 Nxc3+ 22. Ka1 Nxe4 23. Nxf8 Rxf8 24. Nd4 Qxg5 25. Rhg1 Qa5 26. Rg2 Rc8 27. Rdg1 g6 28. h4 Qd2 29. Nb3 Qb4 30. f3 Nc5 31. Nd4 Nd3 32. h5 e5 33.
Nb3 a5 34. hxg6 hxg6 35. Rd2 a4 36. Rxd3 axb3 37. Rxb3 Qd2 0-1

[Event "*** SCC Grand Prix: Titled Tuesday Blitz"]
[Site "Chess.com"]
[Date "2020.06.02"]
[Round "10"]
[White "Kensei26"]
[Black "Storchnoi"]
[Result "1-0"]
[WhiteElo "2240"]
[BlackElo "2022"]
[TimeControl "180+1"]
[EndTime "11:57:02 PDT"]
[Termination "Kensei26 won by resignation"]

1. e4 c5 2. Nc3 Nc6 3. Nge2 g6 4. d4 cxd4 5. Nxd4 Bg7 6. Nde2 Nf6 7. g3 d6 8. Bg2 O-O 9. O-O a6 10. a4 Qc7 11. Nd5 Nxd5 12. exd5 Nb8 13. c3 a5 14.
Nd4 Na6 15. Nb5 Qd8 16. Be3 Bd7 17. Nd4 Rc8 18. Re1 Qc7 19. Bg5 f6 20. Rxe7 fxg5 21. Ne6 Qb6 22. Rxg7+ Kh8 23. Rxd7 Qxf2+ 24. Kh1 Nc5 25.
Nxc5 Rxc5 26. Qd4+ Qf6 27. Rxb7 Qxd4 28. cxd4 Rc2 29.
Re1 Rfc8 30. h3 Rd2 31. b4 axb4 32. Rxb4 Rcc2 33. Rb7 Rc8 34. a5 Ra2 35. Rb5 Rcc2 36. Rg1 Kg7 37. Rb6 Rxa5 38. Rxd6 Rd2 39. Re6 Rxd4 40.
d6 Ra2 41. g4 Rad2 42. Rf1 Rxd6 43. Re7+ Kh6 44. Rff7 1-0

[Event "*** SCC Grand Prix: Titled Tuesday Blitz"]
[Site "Chess.com"]
[Date "2020.06.02"]
[Round "10"]
[White "DenLaz"]
[Black "ChristopherYoo"]
[Result "0-1"]
[WhiteElo "2631"]
[BlackElo "2814"]
[TimeControl "180+1"]
[EndTime "11:57:03 PDT"]
[Termination "ChristopherYoo won by resignation"]

1. d4 Nf6 2. c4 g6 3. g3 Bg7 4. Bg2 Nc6 5. Nf3 O-O 6. O-O d5 7. cxd5 Nxd5 8. Nc3 e5 9. Bg5 f6 10. Bc1 Nxc3 11. bxc3 e4 12. Nd2 f5 13. e3 b6 14. f3 exf3 15. Nxf3 Na5 16. Bd2 Bb7 17. Qe2 Bd5 18. Rfe1 Re8 19. Qf2 Nc4 20. Rad1 Nb2 21.
Bc1 Nxd1 22. Rxd1 Qe7 23. Re1 Rad8 24. Nd2 Bxg2 25. Kxg2 c5 26. Nf3 Bf6 27. Bb2 Qe4 28.
Kg1 Re7 29. Nd2 Qc2 30. Nf1 Qxf2+ 31. Kxf2 cxd4 32. exd4 Rxe1 33. Kxe1 Bg5 34. h4 Bh6 35. Kf2 Kf7 36. Nh2 b5 37. Nf3 Ke6 38. Ba3 Kd5 39.
Bc5 a6 40. Ne5 Bd2 41. Nf7 Rc8 42. Nd6 Rc6 43. Ne8 Bxc3 44. Ke3 Re6+ 45. Kd3 Rxe8 0-1

[Event "*** SCC Grand Prix: Titled Tuesday Blitz"]
[Site "Chess.com"]
[Date "2020.06.02"]
[Round "10"]
[White "bulletteemo"]
[Black "Gerasimenyuk_Miha"]
[Result "1-0"]
[WhiteElo "2531"]
[BlackElo "2353"]
[TimeControl "180+1"]
[EndTime "11:57:03 PDT"]
[Termination "bulletteemo won by resignation"]

1. e4 d5 2. exd5 Qxd5 3. Nc3 Qa5 4. d4 Nf6 5. Nf3 Nc6 6. h3 Bf5 7. Bc4 O-O-O 8. O-O e5 9. d5 e4 10. Nh4 Bg6 11. Nxg6 hxg6 12. Qe2 Ne5 13. Bb3 Bd6 14.
Bd2 Qb6 15. Na4 Qd4 16. Bc3 Nf3+ 17. Kh1 Rxh3+ 18. gxh3 Rh8 19. Kg2 Nh5 20. Qe3 Nh4+ 21. Kh1 Qxe3 22. fxe3 Ng3+ 23. Kg1 Nf3+ 24. Kg2 Nh4+ 25.
Kf2 Nf3 26. Bb4 Be5 27. Rh1 Nxh1+ 28. Rxh1 f5 29. Nc5 Ng5 30. h4 Nf3 31. Ne6 g5 32. h5 g4 33. Bc3 g3+ 34. Kg2 Bxc3 35. bxc3 g6 36. hxg6 Rg8 37. g7 1-0

[Event "*** SCC Grand Prix: Titled Tuesday Blitz"]
[Site "Chess.com"]
[Date "2020.06.02"]
[Round "10"]
[White "PSvidler"]
[Black "BocharovD"]
[Result "1-0"]
[WhiteElo "2996"]
[BlackElo "2795"]
[TimeControl "180+1"]
[EndTime "11:57:05 PDT"]
[Termination "PSvidler won on time"]

1. c4 c5 2. g3 g6 3. Bg2 Bg7 4. Nc3 Nc6 5. d3 d6 6. Qd2 e5 7. h4 h6 8. b3 Nge7 9. Bb2 Rb8 10. e3 a6 11. Nge2 b5 12. h5 g5 13. f4 Be6 14.
O-O-O exf4 15. gxf4 gxf4 16. Nxf4 Ne5 17. Nxe6 fxe6 18.
Bh3 Qd7 19. Ne4 Nf5 20. Rhg1 Rf8 21. Bxf5 exf5 22. Nxd6+ Qxd6 23. Rxg7 Rd8 24. Qg2 bxc4 25. Bxe5 1-0

[Event "*** SCC Grand Prix: Titled Tuesday Blitz"]
[Site "Chess.com"]
[Date "2020.06.02"]
[Round "10"]
[White "econpower"]
[Black "TigrVShlyape"]
[Result "0-1"]
[WhiteElo "2646"]
[BlackElo "2872"]
[TimeControl "180+1"]
[EndTime "11:57:06 PDT"]
[Termination "TigrVShlyape won by resignation"]

1. c4 e5 2. g3 Nc6 3. Bg2 Bc5 4. Nc3 a6 5. e3 Nge7 6. Nge2 Ba7 7. O-O O-O 8. d3 d6 9. Rb1 Rb8 10. h3 Be6 11.
Nd5 Qd7 12. Kh2 f6 13. f4 Bf7 14. Nec3 b5 15. b3 b4 16. Nxe7+ Nxe7 17. Nd5 Nxd5 18.
cxd5 Rb5 19. e4 c6 20. dxc6 Qxc6 21. Bd2 a5 22. Rc1 Rc5 23. Qg4 h5 24. Qe2 Rc2 25. g4 h4 26. g5 fxg5 27. fxg5 Rxc1 28. Rxc1 Qb6 29. Be1 Qe3 30. Qxe3 Bxe3 31. Rc6 Bxg5 32. Rxd6 Rc8 33. d4 Rc1 0-1

[Event "*** SCC Grand Prix: Titled Tuesday Blitz"]
[Site "Chess.com"]
[Date "2020.06.02"]
[Round "10"]
[White "latixxa"]
[Black "ChessBitl"]
[Result "0-1"]
[WhiteElo "2162"]
[BlackElo "2331"]
[TimeControl "180+1"]
[EndTime "11:57:06 PDT"]
[Termination "ChessBitl won by resignation"]

1. d4 Nf6 2. Nf3 g6 3. Bf4 Bg7 4. e3 d6 5. h3 O-O 6. Be2 c5 7. c3 Nc6 8. O-O Bf5 9. Nbd2 Ne4 10. Nxe4 Bxe4 11. Nd2 Bf5 12. Bg3 e5 13. d5 Ne7 14. e4 Bd7 15. Nc4 Qc7 16. a4 f5 17.
f3 Bh6 18. Qd3 Kh8 19. Bxe5+ dxe5 20. d6 Qd8 21. dxe7 Qxe7 22. Rfd1 Bc6 23. exf5 gxf5 24.
Qd6 Qxd6 25. Rxd6 Bg7 26. Rad1 Bxa4 27. R1d5 Rfe8 28. Rxc5 Bf8 29. Rcd5 Bxd6 30. Rxd6 Bb5 31. Rf6 Rac8 32. Nd6 Bxe2 33. Nxc8 Rxc8 34. Rxf5 Re8 35. Kf2 Bc4 36. Ke3 Bb3 37. Rf6 Kg7 38. Rf5 Kg6 39.
g4 Bd5 40. h4 h6 41. h5+ Kg7 42. g5 hxg5 43. Rxg5+ Kf6 44. Rg6+ Kf5 45. Rg7 Rh8 46. Rd7 Bc6 47. Rf7+ Ke6 48. Rg7 Rxh5 49. b4 Rh3 50.
Rg6+ Kf5 0-1

[Event "*** SCC Grand Prix: Titled Tuesday Blitz"]
[Site "Chess.com"]
[Date "2020.06.02"]
[Round "10"]
[White "chessplayer9919"]
[Black "vovachesss"]
[Result "1-0"]
[WhiteElo "2534"]
[BlackElo "2634"]
[TimeControl "180+1"]
[EndTime "11:57:08 PDT"]
[Termination "chessplayer9919 won by resignation"]

1. d4 e5 2. dxe5 d6 3. Nf3 Nc6 4. Bg5 f6 5. exf6 Nxf6 6. Nc3 Be7 7. e3 O-O 8. Bc4+ Kh8 9. O-O Bf5 10. Nd4 Nxd4 11.
exd4 Qd7 12. Re1 Rae8 13. Bd3 h6 14. Bh4 Bg4 15. Qd2 Nh5 16. Bxe7 Rxe7 17. Rxe7 Qxe7 18. h3 Bxh3 19. gxh3 Nf4 20. Bf1 Qh4 21. Qe3 Rf6 22. Kh2 Nh5 23. Qe8+ Kh7 24. Qe4+ Qxe4 25. Nxe4 Rf4 26.
Bd3 d5 27. Ng3+ Kh8 28. Nxh5 Rxf2+ 29. Kg3 Rd2 30. Re1 1-0

[Event "*** SCC Grand Prix: Titled Tuesday Blitz"]
[Site "Chess.com"]
[Date "2020.06.02"]
[Round "10"]
[White "temus_galaktionov"]
[Black "wild_cat99"]
[Result "1-0"]
[WhiteElo "2729"]
[BlackElo "2589"]
[TimeControl "180+1"]
[EndTime "11:57:12 PDT"]
[Termination "temus_galaktionov won by resignation"]

1. d4 Nf6 2. Nf3 g6 3. c4 Bg7 4. Nc3 d5 5. cxd5 Nxd5 6. e4 Nxc3 7. bxc3 c5 8. Be3 Qa5 9. Qd2 cxd4 10. cxd4 Qxd2+ 11.
Kxd2 Nc6 12. Rc1 O-O 13. d5 Ne5 14. Nxe5 Bxe5 15. f4 Bg7 16. Bc4 Kh8 17. h3 Bd7 18.
Ke2 Rfc8 19. Bd3 b5 20. e5 a5 21. Bc5 e6 22. d6 Bf8 23. Bb6 Bc6 24. Rhg1 f5 25. Rc2 Bd7 26. Rgc1 Rcb8 27. Bd4 b4 28. Rc7 Rd8 29. Rb7 Bc8 30. Rf7 Kg8 31. Rcc7 a4 32. Kd2 Ba6 33. Bxa6 Rxa6 34. Rfd7 Rxd7 35.
Rxd7 b3 36. axb3 axb3 37. Rb7 Ra2+ 38. Kd3 Ra3 39. Bc5 Ra8 40. Rxb3 Bh6 41. g3 g5 42. d7 gxf4 43. Be7 fxg3 44. d8=Q+ Rxd8+ 45. Bxd8 g2 46. Bb6 Bf4 47. Rb2 Bxe5 48. Rxg2+ Kf7 49.
Bd4 Kf6 50. Bxe5+ Kxe5 51. Ke3 1-0

[Event "*** SCC Grand Prix: Titled Tuesday Blitz"]
[Site "Chess.com"]
[Date "2020.06.02"]
[Round "10"]
[White "SHIVACalypso"]
[Black "Fighter008"]
[Result "0-1"]
[WhiteElo "2336"]
[BlackElo "2578"]
[TimeControl "180+1"]
[EndTime "11:57:13 PDT"]
[Termination "Fighter008 won on time"]

1. Nf3 Nf6 2. c4 g6 3. g3 Bg7 4.
Bg2 O-O 5. O-O d6 6. Nc3 Nbd7 7.
d3 e5 8. Rb1 a5 9. a3 c6 10. b4 axb4 11. axb4 d5 12. b5 Re8 13. bxc6 bxc6 14. cxd5 cxd5 15. Nb5 e4 16. dxe4 dxe4 17. Nfd4 Ne5 18. Bf4 Ba6 19. Qb3 Rb8 20. Qa4 Ra8 21.
Qb3 Rb8 22. Qa4 Rb6 23. Rfc1 Nd5 24. Bxe4 Nxf4 25. gxf4 Ng4 26. Bf3 Qh4 27. Bxg4 Qxg4+ 28. Kf1 Bxb5 29. Rxb5 Bxd4 30. Rg5 Qxe2+ 31. Kg2 Qxf2+ 32. Kh1 Rbe6 0-1

[Event "*** SCC Grand Prix: Titled Tuesday Blitz"]
[Site "Chess.com"]
[Date "2020.06.02"]
[Round "10"]
[White "Rodalquilar"]
[Black "awesomevishesh"]
[Result "1-0"]
[WhiteElo "2617"]
[BlackElo "2445"]
[TimeControl "180+1"]
[EndTime "11:57:15 PDT"]
[Termination "Rodalquilar won on time"]

1. d4 Nf6 2. Bf4 g6 3. e3 Bg7 4.
Nf3 O-O 5. Be2 c5 6. O-O d6 7. c3 cxd4 8. exd4 Nd5 9. Bg3 Bh6 10.
Re1 Nc6 11. Nbd2 Bf5 12. Nc4 b5 13. Ne3 Nxe3 14. fxe3 Bxe3+ 15. Kh1 Bh6 16. Bxb5 Bd7 17. Bc4 Rb8 18. Qc2 Bf5 19. Qa4 Na5 20. Bb3 Bd7 21. Qa3 Re8 22. Rf1 Rf8 23. Bd5 Bb5 24. Rfe1 Re8 25.
b4 Nc4 26. Qb3 Rc8 27. a4 e6 28.
Bb7 Rc7 29. axb5 Rxb7 30. Qxc4 Qd7 31. Qc6 Rc8 32. Qxd7 Rxd7 33. Ra3 Rc4 34. Rea1 Rb7 35. Bxd6 Rxb5 36. Bc5 a5 37. Ne5 1-0

[Event "*** SCC Grand Prix: Titled Tuesday Blitz"]
[Site "Chess.com"]
[Date "2020.06.02"]
[Round "10"]
[White "mamonika"]
[Black "pfalcon1949"]
[Result "0-1"]
[WhiteElo "1950"]
[BlackElo "2009"]
[TimeControl "180+1"]
[EndTime "11:57:16 PDT"]
[Termination "pfalcon1949 won by resignation"]

1. e4 e6 2. d4 d5 3. Nd2 c5 4. exd5 exd5 5. Ngf3 a6 6. Be2 c4 7. O-O Bd6 8. Re1 Ne7 9. b3 cxb3 10. axb3 Nbc6 11. Bb2 O-O 12. c4 Bf5 13. c5 Bc7 14. h3 Ng6 15. Nf1 Re8 16. Ne3 Be4 17. Bd3 Bxd3 18. Qxd3 Qf6 19. Nxd5 Rxe1+ 20. Rxe1 Qd8 21. Nxc7 Qxc7 22. d5 Nb4 23. Qe4 a5 24. Qd4 f6 25.
d6 Qf7 26. d7 Rd8 27. Rd1 Nf8 28. Qe4 Rxd7 29. Rxd7 Qxd7 30. Qc4+ Kh8 31. Kh2 h6 32.
Nh4 Qc7+ 33. g3 Qd7 34. Qe4 Qd2 35. Bd4 Qd3 36. Be3 Qxe4 0-1

[Event "*** SCC Grand Prix: Titled Tuesday Blitz"]
[Site "Chess.com"]
[Date "2020.06.02"]
[Round "10"]
[White "ArnieChipmunk"]
[Black "rynos0411"]
[Result "0-1"]
[WhiteElo "2276"]
[BlackElo "2435"]
[TimeControl "180+1"]
[EndTime "11:57:17 PDT"]
[Termination "rynos0411 won by resignation"]

1. e4 c6 2. Bc4 d5 3. Bb3 dxe4 4. Qh5 g6 5. Qh4 Nf6 6. Nc3 Bg7 7. f3 Nbd7 8. fxe4 O-O 9. Nf3 Nc5 10. d4 Nxb3 11.
axb3 Bg4 12. Be3 Bxf3 13. gxf3 Nh5 14. O-O-O a5 15. d5 Qc7 16. Qg4 Rac8 17. dxc6 Qxc6 18. Bd4 Nf6 19. Qh4 Rfd8 20. Qf2 b5 21. Kb1 a4 22.
b4 a3 23. bxa3 Rxd4 24. Qxd4 Nh5 25. Qd8+ Rxd8 26. Rxd8+ Bf8 27. Nd5 Kg7 28. Rd1 e6 29. Ne3 Nf4 30. R8d2 Qc3 31. Ng4 Qxa3 0-1

[Event "*** SCC Grand Prix: Titled Tuesday Blitz"]
[Site "Chess.com"]
[Date "2020.06.02"]
[Round "10"]
[White "DannyLondon"]
[Black "CraiggoryC"]
[Result "1-0"]
[WhiteElo "2308"]
[BlackElo "2090"]
[TimeControl "180+1"]
[EndTime "11:57:17 PDT"]
[Termination "DannyLondon won by resignation"]

1. c4 Nf6 2. g3 e6 3. Bg2 d5 4. Nf3 Be7 5. O-O O-O 6. d4 dxc4 7. Qc2 a6 8. a4 c5 9. dxc5 Nc6 10. Nbd2 e5 11.
Nxc4 e4 12. Ng5 Nd4 13. Qd1 Bf5 14. Nd6 Bxd6 15. cxd6 Qxd6 16. e3 h6 17. Qxd4 Qxd4 18.
exd4 hxg5 19. Bxg5 Rfd8 20. Rfd1 Rd5 21. Rd2 Rad8 22.
Rad1 Bg4 23. Bxf6 gxf6 24. Bxe4 Bxd1 25. Bxd5 Bxa4 26. Bxb7 Rb8 27. Bxa6 1-0

[Event "*** SCC Grand Prix: Titled Tuesday Blitz"]
[Site "Chess.com"]
[Date "2020.06.02"]
[Round "10"]
[White "OnatB"]
[Black "tan275"]
[Result "1-0"]
[WhiteElo "2336"]
[BlackElo "2193"]
[TimeControl "180+1"]
[EndTime "11:57:18 PDT"]
[Termination "OnatB won by resignation"]

1. e4 c6 2. d4 d5 3. Nc3 dxe4 4. Nxe4 Bf5 5. Ng3 Bg6 6. Nf3 e6 7. h4 h6 8. h5 Bh7 9. Bd3 Bxd3 10. Qxd3 Nf6 11. Bf4 Bd6 12. Ne5 Bxe5 13. Bxe5 Qa5+ 14.
c3 Nbd7 15. Bd6 O-O-O 16. a4 e5 17. Qf5 Qd5 18. dxe5 Ne8 19. O-O Nxd6 20. exd6 Qxd6 21. Rad1 Qf6 22. Rd4 Qxf5 23. Nxf5 Nf6 24. Nxg7 Rxd4 25. cxd4 Rg8 26. Nf5 Nxh5 27. Ne7+ 1-0

[Event "*** SCC Grand Prix: Titled Tuesday Blitz"]
[Site "Chess.com"]
[Date "2020.06.02"]
[Round "10"]
[White "anastasiyakarlovych"]
[Black "DonBroca"]
[Result "1-0"]
[WhiteElo "1974"]
[BlackElo "2164"]
[TimeControl "180+1"]
[EndTime "11:57:19 PDT"]
[Termination "anastasiyakarlovych won by resignation"]

1. e4 c5 2. Nf3 d6 3. Bc4 Nf6 4. e5 dxe5 5. Nxe5 e6 6. Qe2 Bd6 7. f4 O-O 8. b3 a6 9. a4 b6 10.
Bb2 Bb7 11. O-O Nc6 12. Nxc6 Bxc6 13. Bxa6 Nd5 14. Be5 Be7 15. Bd3 Bf6 16. Nc3 Nb4 17. Be4 Qe7 18. Rf3 Rfd8 19. Rh3 g6 20. Rd1 Bxe4 21.
Nxe4 Nd5 22. Qg4 Bxe5 23. fxe5 f5 24. exf6 Nxf6 25. Qh4 Rf8 26. Rf1 Nd5 27. Qxe7 Nxe7 28. Nf6+ 1-0

[Event "*** SCC Grand Prix: Titled Tuesday Blitz"]
[Site "Chess.com"]
[Date "2020.06.02"]
[Round "10"]
[White "TheNextLevelFan"]
[Black "wanyaland"]
[Result "1-0"]
[WhiteElo "2450"]
[BlackElo "2295"]
[TimeControl "180+1"]
[EndTime "11:57:21 PDT"]
[Termination "TheNextLevelFan won by resignation"]

1. d4 Nf6 2. c4 g6 3. Nc3 Bg7 4.
Nf3 d6 5. g3 O-O 6. Bg2 c5 7.
d5 a6 8. a4 e6 9. O-O exd5 10.
cxd5 Re8 11. Nd2 Nbd7 12. e4 b6 13. Re1 Ne5 14. Qc2 c4 15. Nf3 Nxf3+ 16. Bxf3 Nd7 17.
Be3 Ne5 18. Be2 Bd7 19. f4 Ng4 20. Bxg4 Bxg4 21. Qf2 Rb8 22. Bd4 Bd7 23. Bxg7 Kxg7 24. Qd4+ Kg8 25. Qxc4 b5 26. axb5 axb5 27. Qd4 Rc8 28. e5 Rc4 29. Qf2 dxe5 30. fxe5 Kg7 31. Ra7 b4 32. Ne4 Rxe5 33. Rxd7 Qxd7 34. Qf6+ Kg8 35. Qxe5 Qa7+ 36. Kh1 Rc2 37. Nf6+ Kf8 38. Nxh7+ Kg8 39. Nf6+ Kf8 40. Qb8+ Qxb8 41. Nd7+ Kg7 42. Nxb8 Rxb2 43. d6 Rd2 44. d7 b3 45. Rb1 b2 46.
Rxb2 1-0

[Event "*** SCC Grand Prix: Titled Tuesday Blitz"]
[Site "Chess.com"]
[Date "2020.06.02"]
[Round "10"]
[White "MalcolmPein"]
[Black "larisakalinina"]
[Result "1-0"]
[WhiteElo "2221"]
[BlackElo "1982"]
[TimeControl "180+1"]
[EndTime "11:57:25 PDT"]
[Termination "MalcolmPein won by checkmate"]

1. d4 c5 2. d5 e6 3. c4 exd5 4.
cxd5 d6 5. Nc3 Nf6 6. e4 g6 7. f4 Bg7 8. Bb5+ Nfd7 9. a4 a6 10.
Bd3 O-O 11. Nf3 Re8 12. O-O Bxc3 13. bxc3 Nf6 14. f5 c4 15. Bc2 Nxe4 16. Bxe4 Rxe4 17. Ng5 Bxf5 18. Nxe4 Bxe4 19. Qd4 Qe7 20. Bh6 f5 21. Rae1 Nd7 22. Qxc4 Ne5 23. Qd4 Ng4 24. Bf4 g5 25. Bg3 Re8 26. Rxf5 Bxf5 27. Rxe7 Rxe7 28. h3 Ne5 29.
Qb6 Nc4 30. Qd8+ Kf7 31. Bxd6 Re1+ 32. Kf2 Re4 33. Qf8+ Kg6 34. Be7 Rf4+ 35. Kg1 Bd3 36. Qg8+ Kf5 37. Qe6# 1-0

[Event "*** SCC Grand Prix: Titled Tuesday Blitz"]
[Site "Chess.com"]
[Date "2020.06.02"]
[Round "10"]
[White "chenxiaoyuer"]
[Black "Micki-taryan"]
[Result "1/2-1/2"]
[WhiteElo "2370"]
[BlackElo "2998"]
[TimeControl "180+1"]
[EndTime "11:57:26 PDT"]
[Termination "Game drawn - insufficient material"]

1. e4 Na6 2. d4 c5 3. Nf3 cxd4 4. Nxd4 d6 5. Be2 Nf6 6. Nc3 Nc5 7. f3 g6 8. O-O Bg7 9. Be3 O-O 10. Qd2 Bd7 11. Bh6 Bxh6 12. Qxh6 Qb6 13. Qe3 Qxb2 14. Ndb5 Bxb5 15. Nxb5 Qxc2 16. Rfc1 Qa4 17. e5 Nd5 18.
Qd2 Nf4 19. exd6 Nxe2+ 20. Qxe2 exd6 21. Rd1 Rae8 22. Qf1 Ne6 23. Nxd6 Rd8 24. Ne4 Nd4 25. Rd3 Nc2 26. Rad1 Ne3 27. Rxe3 Rxd1 28. Re1 Qd4+ 29.
Kh1 Rxe1 30. Qxe1 Rd8 31. h3 Qd1 32. Qxd1 Rxd1+ 33. Kh2 Ra1 34. Nf6+ Kh8 35. Ne8 Rxa2 36. Nd6 Kg7 37. Nxb7 Rc2 38. Na5 Rc3 39. Nb7 Kf6 40. Na5 Ke5 41. Kg3 Kd5 42. Nb7 f5 43. Nd8 a5 44. Nf7 a4 45. Ng5 a3 46. Nxh7 a2 47. Nf8 a1=Q 48. Nxg6 Qe1+ 49. Kf4 Qe3+ 50. Kxf5 Qg5+ 51.
Kxg5 Rc2 52. g4 Rf2 53. f4 Ke6 54. f5+ Kf7 55. h4 Ra2 56. h5 Ra8 57. Nf4 Rg8+ 58. Kh4 Kf6 59. Ng6 Ra8 60. h6 Ra1 61. Kg3 Rh1 62.
Nh4 Kg5 63. Nf3+ Kxh6 64. Kf4 Rf1 65. g5+ Kh5 66. f6 Kg6 67. Kg4 Kf7 68. Ne5+ Ke6 69. Nf3 Ra1 70. Kf4 Ra4+ 71. Ke3 Kf5 72. f7 Ra8 73. Nd4+ Kxg5 74. Ne6+ Kf6 75. f8=Q+ Rxf8 76. Nxf8 1/2-1/2

[Event "*** SCC Grand Prix: Titled Tuesday Blitz"]
[Site "Chess.com"]
[Date "2020.06.02"]
[Round "10"]
[White "EvgenyRomanov"]
[Black "maximnovik"]
[Result "0-1"]
[WhiteElo "2661"]
[BlackElo "2515"]
[TimeControl "180+1"]
[EndTime "11:57:27 PDT"]
[Termination "maximnovik won by resignation"]

1. c4 g6 2. d4 Nf6 3. Nc3 d5 4. cxd5 Nxd5 5. e3 Nxc3 6. bxc3 Bg7 7. Bc4 c5 8. Nf3 Qc7 9. Be2 O-O 10. O-O b6 11.
Bb2 Bb7 12. c4 Nc6 13. Qd2 cxd4 14. exd4 Na5 15. Rac1 Bxf3 16. gxf3 Rac8 17. Rc2 Rfd8 18. Qe3 e6 19. Rfc1 Nb7 20. c5 bxc5 21. dxc5 Bxb2 22. Rxb2 Nd6 23. Rd2 Nf5 24. Rxd8+ Rxd8 25. Qg5 h6 26. Qf6 Rd2 27. Bf1 Qf4 28. Qc3 Nh4 29. Rb1 Nxf3+ 30. Kg2 Qg4+ 0-1

[Event "*** SCC Grand Prix: Titled Tuesday Blitz"]
[Site "Chess.com"]
[Date "2020.06.02"]
[Round "10"]
[White "Zenzo"]
[Black "Makswolf200817"]
[Result "0-1"]
[WhiteElo "2537"]
[BlackElo "2417"]
[TimeControl "180+1"]
[EndTime "11:57:27 PDT"]
[Termination "Makswolf200817 won on time"]

1. e4 e6 2. d4 d5 3. exd5 exd5 4.
Bd3 Bd6 5. Qf3 Ne7 6. Ne2 Nbc6 7. c3 O-O 8. Bf4 Ng6 9. Bxd6 Qxd6 10. Nd2 Re8 11. O-O-O a5 12. h4 Nf8 13. h5 a4 14. g4 a3 15. b3 Bd7 16. g5 Ne7 17. Ng3 c5 18. g6 fxg6 19. hxg6 Nexg6 20. Rdg1 cxd4 21. Bxg6 Nxg6 22. Qh5 dxc3 23. Qxh7+ Kf7 24. Ndf1 Rh8 25. Ne3 Rxh7 26. Rxh7 d4 27. Nc4 Qf4+ 28. Kb1 c2+ 29. Kxc2 Qxf2+ 30. Kd3 Qxg1 31. Nh5 Bf5+ 0-1

[Event "*** SCC Grand Prix: Titled Tuesday Blitz"]
[Site "Chess.com"]
[Date "2020.06.02"]
[Round "10"]
[White "j_coca"]
[Black "canary2016"]
[Result "1-0"]
[WhiteElo "2160"]
[BlackElo "1955"]
[TimeControl "180+1"]
[EndTime "11:57:27 PDT"]
[Termination "j_coca won by resignation"]

1. f4 d5 2. Nf3 c6 3. e3 Nf6 4.
d4 Ne4 5. Bd3 f5 6. O-O e6 7. c3 Bd6 8. Bd2 O-O 9. Be1 Be7 10. Nbd2 Nd7 11. Kh1 Ndf6 12. Qe2 c5 13. Rg1 Nxd2 14. Bxd2 Ne4 15. Raf1 Bd7 16. Be1 Rc8 17.
Ne5 Bc6 18. g4 fxg4 19. Qxg4 Bf6 20. Qxe6+ Kh8 21. Nf7+ Rxf7 22. Qxf7 Qd6 23. Qh5 Re8 24. Rf3 c4 25. Be2 Bd8 26. Rh3 Nf6 27. Qf3 Re4 28.
Bh4 Qe6 29. Qg3 g6 30. Bxf6+ Qxf6 31. Qxg6 Qxg6 32. Rxg6 Bd7 33. Rhh6 Rxe3 34. Rd6 Rxe2 35. Rxd7 Re1+ 36. Kg2 Bb6 37. Rhxh7+ Kg8 38. Rxb7 Re2+ 39. Kf3 Rxb2 40. Rhd7 Rxa2 41. Rb8+ 1-0

[Event "*** SCC Grand Prix: Titled Tuesday Blitz"]
[Site "Chess.com"]
[Date "2020.06.02"]
[Round "10"]
[White "AlexOstrovskiy"]
[Black "KaterynaLagno"]
[Result "0-1"]
[WhiteElo "2529"]
[BlackElo "2668"]
[TimeControl "180+1"]
[EndTime "11:57:28 PDT"]
[Termination "KaterynaLagno won by resignation"]

1. d4 Nf6 2. Bf4 c5 3. e3 d5 4. c3 Nc6 5. Nd2 cxd4 6. exd4 Bf5 7. Ngf3 e6 8. Qb3 Qd7 9. Ne5 Qc8 10. Qa4 Nd7 11.
Nxc6 Qxc6 12. Qxc6 bxc6 13. Ba6 e5 14. dxe5 Nc5 15.
Be2 Na4 16. Nf3 Nxb2 17. Nd4 Bd3 18. Nxc6 Rc8 19. Nd4 Rxc3 20. Rc1 Bb4 21. Rxc3 Bxc3+ 22. Bd2 Bxd4 23. Bf3 O-O 24. Bxd5 Nc4 25. f4 Rb8 26. Bxc4 Rb1+ 27. Bc1 Rxc1+ 28. Kd2 Rxh1 0-1

[Event "*** SCC Grand Prix: Titled Tuesday Blitz"]
[Site "Chess.com"]
[Date "2020.06.02"]
[Round "10"]
[White "AGW2016"]
[Black "AsaHoffmann"]
[Result "0-1"]
[WhiteElo "2306"]
[BlackElo "2444"]
[TimeControl "180+1"]
[EndTime "11:57:28 PDT"]
[Termination "AsaHoffmann won by checkmate"]

1. e4 d6 2. d4 Nf6 3. Nc3 c6 4. f4 Qa5 5. Bd3 e5 6. Nf3 exd4 7. Nxd4 Qb6 8. Nf3 Be7 9. Qe2 O-O 10. Rb1 Bg4 11. Be3 Qc7 12. O-O Nbd7 13. h3 Bxf3 14.
Qxf3 b5 15. a3 a5 16. g4 b4 17. Ne2 Rab8 18. g5 Ne8 19. Nd4 g6 20. h4 Ng7 21. f5 Ne5 22. Qg2 Nh5 23. Nf3 c5 24. Nxe5 dxe5 25. Bc4 Rbd8 26. f6 Bd6 27. Rbd1 Qb6 28.
a4 Nf4 29. Qf3 Qc6 30. b3 Bc7 31. Rxd8 Rxd8 32. Bxf4 exf4 33. Bd5 Qd6 34. Rd1 Qe5 35. Kg2 Kf8 36. Rd3 Bd6 37. Bc4 Bc7 38. Rxd8+ Bxd8 39. Qd3 Bc7 40. Qd7 Qxe4+ 41. Kg1 Qe3+ 42. Kg2 f3+ 43. Kh1 Qe1+ 44. Bf1 Qxf1# 0-1